Map: Cerulean Fall LE

Players

Neeb - Winner!

  • Race: Protoss Protoss
  • Spawn Location: 1:00

Cyan

  • Race: Protoss Protoss
  • Spawn Location: 7:00

Event: WCS Montreal 2018

VOD

Have the link to the VOD?

Description

Time

  • Played on: Sept. 7, 2018, 8:08 p.m.
  • Length: 14:19

All games in this series

Show
View Real Time Build Order
Export as new Build Order

Neeb Protoss - Winner!

Build Orders: Oracle Opening, Phoenix Opening, Archon Immortal, Zealot Archon 

Get SALT Encoding   

  12  0:01  Probe  
  13  0:13  Probe  
  14  0:18  Pylon  
  14  0:24  Probe  
  15  0:32  Probe  
  15  0:38  Gateway  
  15  0:40  Probe  
  16  0:46  Assimilator  
  17  0:51  Probe  
  17  0:55  Assimilator  
  18  0:59  Probe  
  19  1:07  Probe  
  19  1:09  Gateway  
  20  1:17  Probe  
  21  1:26  Cybernetics Core  
  21  1:30  Probe  
  22  1:37  Pylon  
  22  1:42  Probe  
  23  1:55  Probe  
  24  2:02  Stalker, Sentry  
  24  2:03  Warp Gate  
  24  2:07  Probe  
  29  2:10  Pylon  
  29  2:19  Probe  
  30  2:29  Stargate  
  30  2:36  Stalker  
  32  2:45  Stalker  
  34  3:07  Nexus, Phoenix  
  33  3:17  Probe  
  36  3:23  Pylon  
  36  3:29  Probe  
  36  3:30  Phoenix  
  39  3:41  Probe  
  40  3:52  Oracle  
  40  3:53  Probe  
  44  4:05  Probe  
  44  4:07  Adept  
  47  4:12  Pylon  
  47  4:18  Adept, Probe  
  47  4:19  Oracle  
  47  4:20  Probe  
  51  4:31  Probe  
  55  4:35  Probe  
  56  4:43  Probe  
  56  4:45  Robotics Facility  
  57  4:47  Probe  
  58  4:55  Probe  
  58  4:59  Probe  
  60  5:02  Adept x2  
  62  5:07  Probe  
  62  5:11  Probe  
  60  5:19  Probe  
  61  5:23  Assimilator, Probe  
  61  5:24  Assimilator  
  62  5:28  Pylon  
  62  5:29  Forge  
  62  5:31  Adept, Sentry, Probe  
  62  5:34  Pylon  
  68  5:35  Probe  
  68  5:37  Immortal  
  68  5:43  Probe  
  68  5:47  Probe  
  68  5:49  Protoss Ground Weapons Level 1  
  74  5:55  Probe  
  75  5:58  Twilight Council  
  75  5:59  Probe  
  75  6:00  Pylon  
  76  6:13  Immortal  
  80  6:29  Probe x2  
  79  6:34  Gateway  
  79  6:35  Gateway  
  79  6:47  Charge  
  79  6:48  Gateway  
  79  6:50  Templar Archives  
  79  6:52  Probe  
  79  6:53  Gateway  
  81  6:57  Immortal  
  84  7:05  Gateway x2  
  84  7:07  Pylon  
  84  7:22  Nexus  
  84  7:26  High Templar  
  84  7:27  High Templar  
  88  7:33  Pylon  
  88  7:34  Archon  
  88  7:35  Protoss Ground Weapons Level 2, Zealot x2  
  92  7:37  Probe  
  92  7:42  Immortal, Shield Battery  
  93  7:48  Probe  
  93  7:49  Probe  
  99  8:00  Probe  
  99  8:01  Probe  
  101  8:11  Pylon  
  101  8:12  Probe  
  102  8:13  Probe  
  102  8:14  Zealot  
  102  8:15  Zealot  
  102  8:18  Pylon  
  107  8:20  Immortal  
  107  8:29  High Templar x2  
  107  8:33  Archon  
  115  8:40  Shield Battery  
  115  8:42  Zealot x2  
  115  8:43  Shield Battery  
  115  8:47  High Templar  
  115  8:48  Zealot  
  123  8:55  Assimilator  
  123  8:58  Pylon  
  123  8:59  Assimilator  
  123  9:00  High Templar  
  123  9:01  Zealot  
  123  9:02  Zealot x2  
  131  9:05  Archon  
  131  9:07  Zealot x2  
  135  9:13  Immortal  
  139  9:22  Zealot  
  121  9:24  Zealot x3  
  121  9:30  Zealot x2  
  113  9:37  Zealot  
  113  9:38  Zealot  
  102  9:45  Zealot x4  
  92  9:55  High Templar  
  92  9:56  High Templar  
  96  10:02  Archon  
  96  10:03  Sentry  
  96  10:05  Warp Prism  
  100  10:08  Probe x2  
  100  10:09  Probe  
  100  10:10  Zealot x2  
  107  10:20  High Templar x2, Zealot  
  113  10:22  Probe  
  113  10:23  Probe  
  113  10:24  Probe  
  113  10:26  Zealot  
  113  10:27  Archon  
  118  10:30  Zealot x3  
  128  10:46  High Templar x2  
  132  10:50  Archon  
  132  10:52  Nexus  
  128  10:57  Observer  
  128  11:00  Zealot x3  
  128  11:01  High Templar x2, Zealot  
  132  11:14  Probe  
  132  11:15  Archon, Probe x2  
  135  11:30  Pylon x2  
  135  11:31  Pylon  
  131  11:38  Probe  
  131  11:39  Zealot  
  116  11:53  Probe x2  
  118  11:59  Pylon  
  118  12:00  High Templar  
  118  12:01  High Templar x3, Zealot x2  
  125  12:07  Immortal  
  129  12:14  Archon x2  
  129  12:21  Zealot  
  129  12:22  Zealot x3  
  137  12:29  Gateway  
  137  12:30  Gateway  
  137  12:34  High Templar x2, Pylon  
  137  12:35  Pylon, Sentry, Zealot  
  145  12:38  Archon  
  145  12:44  Stalker x2  
  149  12:45  Stalker  
  149  12:46  Immortal  
  149  12:50  Stalker  
  157  12:55  Pylon  
  157  13:00  Probe x3  
  160  13:11  High Templar  
  160  13:12  High Templar, Zealot  
  166  13:13  Pylon  
  166  13:15  Pylon  
  166  13:17  Archon  
  166  13:21  Pylon  
  166  13:32  Shield Battery  
  166  13:33  Zealot  
  168  13:35  High Templar x2, Zealot x5  
  168  13:39  Archon  
  182  13:45  Zealot x2  
  164  13:56  Zealot  
  164  13:57  Zealot x4  
  164  14:02  Zealot  
  105  14:17  Zealot x3  
Show
View Real Time Build Order
Export as new Build Order

Cyan Protoss 

Build Orders: Phoenix Opening, Zealot Archon 

Get SALT Encoding   

  12  0:01  Probe  
  13  0:13  Probe  
  14  0:18  Pylon  
  14  0:25  Probe  
  15  0:33  Probe  
  15  0:39  Gateway  
  15  0:41  Probe  
  16  0:47  Assimilator  
  17  0:51  Probe  
  17  0:55  Assimilator  
  18  0:59  Probe  
  19  1:07  Probe  
  19  1:15  Gateway  
  20  1:18  Probe  
  21  1:26  Cybernetics Core  
  21  1:30  Probe  
  22  1:34  Pylon  
  22  1:42  Probe  
  23  1:53  Warp Gate  
  23  1:54  Probe  
  24  2:02  Stalker  
  24  2:03  Sentry  
  28  2:11  Pylon  
  28  2:29  Stalker  
  30  2:32  Stalker  
  32  2:48  Nexus  
  32  2:53  Probe  
  33  2:59  Sentry  
  33  3:04  Sentry  
  33  3:05  Probe  
  38  3:07  Pylon, Phoenix  
  38  3:17  Probe  
  39  3:23  Robotics Facility  
  38  3:29  Probe  
  39  3:41  Probe  
  39  3:42  Forge  
  40  3:52  Probe  
  41  3:56  Probe  
  41  4:00  Probe  
  42  4:05  Stalker, Probe  
  42  4:07  Stalker  
  42  4:08  Probe  
  48  4:10  Protoss Ground Weapons Level 1  
  48  4:11  Observer  
  48  4:16  Probe  
  50  4:20  Probe  
  52  4:28  Probe  
  52  4:31  Adept  
  52  4:32  Adept  
  52  4:33  Probe  
  52  4:38  Observer  
  58  4:39  Pylon  
  58  4:42  Probe  
  59  4:45  Probe  
  59  4:48  Assimilator  
  59  4:53  Assimilator  
  59  4:54  Probe  
  59  4:58  Stalker  
  62  5:01  Stalker  
  64  5:09  Probe  
  64  5:12  Probe  
  59  5:17  Probe  
  59  5:20  Probe  
  58  5:25  Probe  
  58  5:27  Stalker  
  58  5:28  Probe, Twilight Council  
  62  5:29  Stalker  
  66  5:36  Probe  
  66  5:40  Probe  
  68  5:43  Pylon  
  68  5:46  Protoss Ground Weapons Level 2  
  68  5:50  Probe  
  69  5:59  Probe  
  69  6:01  Immortal  
  69  6:03  Probe  
  75  6:06  Charge  
  75  6:09  Probe  
  75  6:11  Pylon  
  75  6:15  Probe  
  77  6:20  Probe  
  78  6:29  Nexus  
  78  6:31  Pylon  
  78  6:37  Templar Archives  
  78  6:40  Gateway  
  78  6:50  Gateway  
  78  6:52  Gateway  
  78  6:55  Gateway  
  78  7:02  Gateway  
  78  7:05  Gateway  
  78  7:11  Pylon  
  78  7:13  High Templar  
  78  7:14  High Templar  
  82  7:16  Immortal  
  82  7:20  Pylon  
  86  7:30  Pylon  
  86  7:36  Photon Cannon  
  86  7:37  High Templar  
  88  7:47  High Templar, Archon  
  90  7:52  Warp Prism  
  92  8:02  High Templar x2  
  92  8:03  Zealot x3  
  92  8:05  Photon Cannon  
  102  8:07  Observer  
  102  8:08  Photon Cannon  
  102  8:14  Archon  
  102  8:22  High Templar  
  102  8:23  High Templar, Zealot x2  
  102  8:25  Pylon  
  110  8:28  Pylon, Archon  
  110  8:31  Zealot x2  
  114  8:34  Pylon  
  114  8:49  High Templar  
  114  8:50  High Templar, Zealot  
  114  8:51  Zealot x4  
  128  8:56  Archon, Zealot  
  128  9:14  Zealot x2  
  128  9:18  Archon  
  128  9:21  Zealot x3  
  112  9:24  Zealot  
  112  9:25  Zealot x2  
  108  9:34  Zealot  
  108  9:35  Zealot  
  94  9:44  Zealot x3  
  94  9:45  Immortal  
  80  9:48  Observer  
  72  9:53  High Templar x3  
  82  10:01  High Templar, Archon, Zealot  
  82  10:02  Probe x3  
  82  10:06  Archon, Assimilator  
  89  10:08  Shield Battery  
  89  10:09  Protoss Ground Armor Level 1  
  89  10:10  Shield Battery, Assimilator  
  89  10:11  Immortal  
  89  10:14  Probe  
  89  10:16  Sentry  
  89  10:17  Probe x2  
  94  10:26  Probe  
  99  10:29  Probe  
  99  10:31  Zealot x2  
  104  10:45  Immortal  
  104  10:50  High Templar  
  104  10:51  High Templar, Zealot x3  
  104  10:56  Archon  
  118  11:00  Shield Battery  
  118  11:01  Shield Battery  
  118  11:07  Zealot x3  
  124  11:12  Shield Battery  
  124  11:15  Immortal  
  124  11:16  Shield Battery, Zealot x2  
  126  11:37  Sentry, Zealot x3  
  126  11:38  Zealot  
  128  11:45  Probe  
  128  11:46  Probe  
  125  11:48  Immortal  
  125  11:52  Probe  
  120  11:58  Probe x2  
  126  12:07  High Templar x4  
  132  12:11  Pylon, Zealot x4  
  132  12:12  Pylon  
  132  12:13  Archon x2  
  138  12:26  Pylon  
  138  12:28  Pylon  
  136  12:45  Zealot x4  
  144  12:54  Nexus  
  144  12:55  Pylon, Observer  
  144  12:56  Immortal  
  142  13:04  Stargate  
  140  13:10  Stalker  
  142  13:13  High Templar x3  
  142  13:14  High Templar  
  142  13:18  High Templar x2, Archon  
  142  13:19  Archon  
  154  13:26  Archon  
  154  13:27  Immortal  
  154  13:35  Zealot x2  
  159  13:53  Zealot x5  
  153  14:00  Zealot x3  
Tags
 
Add a new tag
Caveats
  • Supply blocks, unpowered buildings, or Contaminate may cause inaccurate times.
  • Supply counts are checked every 10 seconds.